 Dungeon Crawl Stone Soup version 0.23-a0-563-g409694ba0a (webtiles) character file.

157 Manul the Skirmisher (level 5, -3/42 HPs)
             Began as a Mummy Fighter on Dec 12, 2018.
             Slain by Pikel
             ... wielding a +1 whip of flaming
              (6 damage)
             ... on level 2 of the Dungeon on Dec 13, 2018.
             The game lasted 00:05:21 (3856 turns).

Manul the Skirmisher (Mummy Fighter)                Turns: 3856, Time: 00:05:22

Health: -3/42      AC:  6    Str: 20    XL:     5   Next: 15%
Magic:  5/5        EV:  7    Int:  8    God:
Gold:   113        SH:  9    Dex: 11    Spells: 4/4 levels left

rFire    x . .     SeeInvis .   a - +0 flail
rCold    + . .     Gourm    .   c - +0 shield
rNeg     + + +     Faith    .   b - +0 scale mail
rPois    ∞         Spirit   .   (no helmet)
rElec    .         Reflect  .   (no cloak)
rCorr    .         Harm     .   (no gloves)
MR       .....                  (no boots)
Stlth    ..........             (no amulet)
HPRegen  0.14/turn              j - ring of attention
MPRegen  0.09/turn              (no ring)

@: no status effects
A: no food or potions, fire vulnerability, cold resistance 1, negative energy
resistance 3, torment resistance, unbreathing
a: no special abilities


You were on level 2 of the Dungeon.
You were not hungry.

You visited 1 branch of the dungeon, and saw 4 of its levels.

You collected 113 gold pieces.

Inventory:

Hand Weapons
 a - a +0 flail (weapon)
Armour
 b - a +0 scale mail (worn)
 c - a +0 shield (worn)
Jewellery
 j - a ring of attention (left hand)
Scrolls
 f - a scroll of identify
 h - a scroll of blinking
 k - a scroll of random uselessness


   Skills:
 * Level 3.7 Fighting
 + Level 2.6 Maces & Flails
 + Level 3.1 Armour
 + Level 1.0 Dodging
 + Level 3.0 Shields


You had 4 spell levels left.
You didn't know any spells.
Your spell library was empty.

Dungeon Overview and Level Annotations

Branches:
Dungeon (4/15)
 Temple: D:4-7

Altars:
Nemelex Xobeh
Sif Muna
Wu Jian

Annotations:
D:2 Pikel
D:3 1 exclusion


Innate Abilities, Weirdness & Mutations

You do not eat or drink.
Your flesh is vulnerable to fire.
You are immune to poison.
Your flesh is cold resistant. (rC+)
You are immune to negative energy. (rN+++)
You are immune to unholy pain and torment.
You can survive without breathing.


Message History

* * * LOW HITPOINT WARNING * * *
Pikel burns you.
* * * LOW HITPOINT WARNING * * *
Unknown command.
As you read the scroll labeled EKLUTEIJIUN, it crumbles to dust.
The creatures around you are filled with an inner flame!
It was a scroll of immolation.
You block Pikel's attack. You block Pikel's attack.
You see here a runed scarf.
You hit Pikel.
Pikel is lightly wounded.
Pikel hits you but does no damage.
You barely miss Pikel.
Pikel is lightly wounded.
You block Pikel's attack.
You hit Pikel.
Pikel is lightly wounded.
You block Pikel's attack.
Pikel hits you with a +1 whip of flaming.
You die...

.....##.#...## #.#
.........<...## #.#
#######.......# #.# #
#.......###### ######
####.##....####8###8###
)..........##8...8...8#########
#.##.##.#..##.......).##......#
.....##.#..#_.........>#.####.#
..#.....#..##...@K..[.##......###
...........##8...8$..8#######....
..#..##...#####8###8#######......
..#........## ### ######........#
.######...#.# #!#####....##
.#####....#.# #.# #....#.
..........#.# #.# #....#.
.####....##.# #.# ###..##
......#..##.# #%# #.!.#


You could see Pikel (inner flame).

Vanquished Creatures
  2 orc wizards (D:3)
  A hound skeleton (D:4)
  An adder (D:3)
  An ooze (D:2)
  2 dart slugs
  3 leopard geckos
  8 orcs
  10 bats
  5 giant cockroaches
  7 goblins
  8 hobgoblins
  5 kobolds
  4 ball pythons
  3 frilled lizards
  3 rats
63 creatures vanquished.

Notes
Turn   | Place    | Note
-------+----------+-------------------------------------------
     0 | D:1      | Manul the Mummy Fighter began the quest for the Orb.
     0 | D:1      | Reached XP level 1. HP: 18/18 MP: 1/1
    50 | D:1      | Reached XP level 2. HP: 16/24 MP: 2/2
   635 | D:1      | Upgraded the game from 0.23-a0-558-g30802b1d75 to
                  | 0.23-a0-563-g409694ba0a
   792 | D:1      | Reached XP level 3. HP: 22/29 MP: 3/3
  1505 | D:2      | Found a sparkling altar of Nemelex Xobeh.
  1632 | D:2      | Found an ornate altar of the Wu Jian Council.
  2283 | D:3      | Reached XP level 4. HP: 28/35 MP: 4/4
  3203 | D:3      | Found a deep blue altar of Sif Muna.
  3612 | D:4      | Reached XP level 5. HP: 40/42 MP: 5/5
  3621 | D:4      | Reached skill level 1 in Dodging
  3655 | D:4      | Noticed Pikel
  3655 | D:4      | Noticed a slave
  3655 | D:4      | Noticed a slave
  3655 | D:4      | Noticed a slave
  3655 | D:4      | Noticed a slave
  3846 | D:2      | HP: 2/42 [Pikel/+1 whip of flaming (1)]
  3856 | D:2      | Slain by Pikel

Vault maps used:
D:1:      dpeg_arrival_chase, minmay_hexomino_p4
D:2:      nicolae_overflow_hidden_temple, nemelex_xobeh_ov_fountains_minmay,
          first_ration, minmay_close_crescents
D:3:      tgw_sif, due_unseen_surprise
D:4:      nicolae_ru_awakened_eye, uniq_pikel, uniq_duvessa

Skill      XL: |  1  2  3  4  5 |
---------------+----------------+-----
Maces & Flails | 2 |  2.6
Armour         | 3 |  3.1
Shields        | 3 |  3.0
Dodging        | 1 |  1.0
Fighting       | |  3.7

Action                   |  1- 3 |  4- 6 || total
-------------------------+-------+-------++-------
Melee: Flail             |   188 |   108 ||   296
  Use: Scroll            |       |     6 ||     6
Armor: Scale mail        |   103 |    59 ||   162
Dodge: Dodged            |    67 |    39 ||   106
Block: Shield            |   101 |    56 ||   157

Table legend:
 A = Non-vault XP
 B = Vault XP
 C = Vault XP percentage of total XP
 D = Non-vault monster count
 E = Vault monster count
 F = Vault count percentage of total count
                 A         B        C        D         E       F
            +---------+---------+-------+---------+---------+-------
      Total |     215 |      10 |   4.4 |      58 |       5 |   7.9
            +---------+---------+-------+---------+---------+-------
        D:1 |      39 |       7 |  15.2 |      23 |       3 |  11.5
        D:2 |      15 |       3 |  16.7 |       7 |       2 |  22.2
        D:3 |     134 |       0 |   0.0 |      24 |       0 |   0.0
        D:4 |      27 |       0 |   0.0 |       4 |       0 |   0.0
            +---------+---------+-------+---------+---------+-------
